 Dungeon Crawl Stone Soup version 0.28.0-53-g5a82cb258f (webtiles) character file.

Game seed: 8988522335770270684

2955 Plasmagod the Thaumaturge (level 9, -9/47 HPs)
             Began as a Deep Elf Conjurer on July 25, 2022.
             Was an Initiate of Vehumet.
             Killed from afar by Harold (22 damage)
             ... with a harpoon shot
             ... on level 7 of the Dungeon.
             The game lasted 00:25:09 (7964 turns).

Plasmagod the Thaumaturge (Deep Elf Conjurer)       Turns: 7964, Time: 00:25:09

Health: -9/47      AC: 10    Str:  4    XL:     9   Next: 52%
Magic:  1/24       EV: 12    Int: 28    God:    Vehumet [......]
Gold:   270        SH:  0    Dex: 13    Spells: 12/26 levels left

rFire   . . .      SeeInvis .   d - +2 dagger (protect)
rCold   . . .      Faith    .   (no shield)
rNeg    . . .      Spirit   .   C - +0 leather armour
rPois   .          Reflect  .   t - +2 helmet
rElec   .          Harm     .   v - +0 cloak
rCorr   .          Rampage  .   m - +0 pair of gloves
Will    .....                   c - +1 pair of boots
Stlth   +++.......              (no amulet)
HPRegen 0.15/turn               (no ring)
MPRegen 0.19/turn               (no ring)

@: marked
A: no striking features
a: Renounce Religion


You were on level 7 of the Dungeon.
You worshipped Vehumet.
Vehumet was noncommittal.
You visited 2 branches of the dungeon, and saw 9 of its levels.

You collected 315 gold pieces.
You spent 45 gold pieces at shops.

Inventory:

Hand Weapons
 d - a +2 dagger of protection (weapon)
Armour
 a - a +0 robe
 c - a +1 pair of boots (worn)
 m - a +0 pair of gloves (worn)
 r - a +0 kite shield
 t - a +2 helmet (worn)
 v - a +0 cloak (worn)
 C - a +0 leather armour (worn)
Jewellery
 o - a ring of willpower
 y - a ring of fire
Wands
 b - a wand of paralysis (3)
 w - a wand of polymorph (14)
 z - a wand of mindburst (20)
 B - a wand of iceblast (9)
Scrolls
 f - 2 scrolls of identify
 h - a scroll of fear
 n - 4 scrolls of vulnerability
 p - a scroll of immolation
 s - 2 scrolls of teleportation
 x - 2 scrolls of amnesia
 A - 2 scrolls of enchant weapon {unknown}
Potions
 e - a potion of brilliance
 g - 4 potions of curing
 i - a potion of attraction {unknown}
 j - a potion of flight {unknown}
 k - 2 potions of lignification {unknown}
 l - a potion of heal wounds {unknown}
 q - 2 potions of ambrosia
 u - a potion of haste {unknown}


   Skills:
 + Level 1.4 Fighting
 + Level 2.4 Short Blades
 * Level 1.4 Armour
 + Level 4.6 Dodging
 + Level 5.0 Stealth
 * Level 3.8 Shields
 + Level 9.4 Spellcasting
 + Level 9.1 Conjurations
 + Level 4.3 Hexes
 + Level 0.3 Translocations


You had 12 spell levels left.
You knew the following spells:

 Your Spells              Type           Power      Damage    Failure   Level
a - Magic Dart            Conj           100%       1d8       1%          1
b - Searing Ray           Conj           100%       2d8       1%          2
c - Dazzling Flash        Conj/Hex       100%       N/A       1%          3
d - Fulminant Prism       Conj/Hex       25%        3d14      4%          4
e - Iskenderun's Mystic   Conj/Tloc      39%        2d9       11%         4

Your spell library contained the following spells:

 Spells                   Type           Power      Damage    Failure   Level
 Conjure Flame            Conj/Fire      38%        6-21      3%          3
 Sticky Flame             Conj/Fire      38%        2d6       11%         4
 Ignite Poison            Fire/Tmut/Pois 13%        N/A       22%         3


Dungeon Overview and Level Annotations

Branches:
Dungeon (8/15)             Temple (1/1) D:7
   Lair: D:8-11

Altars:
Ashenzari
Cheibriados
Elyvilon
Fedhas
Gozag
Hepliaklqana
Kikubaaqudgha
Makhleb
Nemelex Xobeh
Qazlal
Sif Muna
Trog
Uskayaw
Vehumet
Wu Jian
Xom
Yredelemnul
Zin
The Shining One
Lugonu

Shops:
D:2 (   D:3 [   D:6 :!

Annotations:
D:3 1 runed translucent door
D:7 1 runed translucent door, Descartes's ghost, novice TrCK; Harold


Message History

Here: Harold, wielding a +0 hand axe, wearing a +0 ring mail and quivering 3 throwing nets (almost dead)
The floor, spattered with blood.
Unknown command.
Harold fires a harpoon shot at you. The harpoon shot misses you.
Harold gestures at you while chanting. The mark upon you grows brighter.
Casting: Searing Ray (safe; 1% risk of failure)
Confirm with . or Enter, or press ? or * to list all spells.
Aiming: Searing Ray (safe; 1% risk of failure)
Press: ? - help, Shift-Dir - straight line, f/p - Harold
Aim: Harold, wielding a +0 hand axe, wearing a +0 ring mail and quivering 3 throwing nets (almost dead, 90% to hit)
The searing ray hits Harold.
Harold is almost dead. (Press . to maintain the ray.) Harold fires a harpoon shot at you.
The harpoon shot misses you.
Harold throws a throwing net.
The throwing net barely misses you.
You see here a throwing net.
There is an open door here.
Harold throws a throwing net.
The throwing net hits you.
You become entangled in the net!
You see here a throwing net.
You tear a large gash into the net.
Harold casts a spell at you. The mark upon you grows brighter.
You struggle against the net.
You shred the net and break free!
Aiming: Magic Dart (safe; 1% risk of failure)
Press: ? - help, Q - select action, (/) - cycle Shift-Dir - straight line, f/p - Harold
Aim: Harold, wielding a +0 hand axe, wearing a +0 ring mail and quivering a throwing net (almost dead, 100% to hit)
The magic dart hits Harold.
Harold is almost dead.
Harold throws a throwing net.
The throwing net closely misses you. Harold fires a harpoon shot at you.
The harpoon shot hits you but does no damage.
Descartes's ghost says, "I break bones and crack skulls... with my bare hands."
Harold fires a harpoon shot at you. The harpoon shot hits you!!
You die...

#.................
#.#>..............
#.#.#######.###### #@#.#
##.# # #(#.# ###..## #
###'#.# ##.....#####
#.....###...........
#.....##...###...### ###
#..@..#...##W##....#
#.#######(#....##...##...#
#.......#.#...##..?..##..#
#.#####.#.#...+W..♣..⌠#..#
#.# #.#.#...##..!..##..#
#.#####...#....##...##...#
#.##......#.....##⌠##...##
#..'......'..#...###......
####.[....##.##...........


You could see Harold and Descartes's ghost.

Vanquished Creatures
  Pikel (D:7)
  2 wyverns
  4 water moccasins
  An orc warrior (D:8)
  A sky beast (D:6)
  A centaur (D:7)
  An ogre (D:5)
  2 lemures (D:7)
  The ghost of Deemzul the Conjurer, an amateur OpCj (D:3)
  A phantom (D:5)
  6 scorpions
  A wyvern skeleton (D:3)
  4 wights (D:6)
  A howler monkey (D:6)
  2 hounds (D:5)
  2 jellies (D:4)
  2 gnoll shamans
  3 centaur skeletons
  2 iguanas (D:4)
  An orc wizard (D:7)
  2 killer bee zombies (D:7)
  2 hound skeletons
  10 gnolls
  A river rat (D:3)
  9 adders
  3 white imps
  2 adder skeletons
  A dart slug (D:2)
  12 orcs
  3 ball pythons
  2 bats
  A bat skeleton (D:2)
  A bat zombie (D:2)
  9 endoplasms
  4 giant cockroaches
  6 goblins
  7 hobgoblins
  6 jackals
  3 quokkas
  5 frilled lizards
  A jackal skeleton (D:2)
  7 kobolds
  A quokka skeleton (D:2)
  A quokka zombie (D:2)
  3 rats
141 creatures vanquished.

Vanquished Creatures (others)
  A butterfly (D:3)
  10 fulminant prisms
  A withered plant (D:2)
12 creatures vanquished.

Grand Total: 153 creatures vanquished

Notes
Turn   | Place    | Note
-------+----------+-------------------------------------------
     0 | D:1      | Plasmagod the Deep Elf Conjurer began the quest for the
                  | Orb.
     0 | D:1      | Reached XP level 1. HP: 10/10 MP: 6/6
   597 | D:2      | Reached XP level 2. HP: 15/15 MP: 2/8
   670 | D:2      | Found a faded altar of an unknown god.
   776 | D:2      | Reached skill level 5 in Conjurations
   885 | D:2      | Found Xiba's Weapon Shop.
   923 | D:2      | Learned a level 2 spell: Searing Ray
  1248 | D:2      | Reached XP level 3. HP: 19/19 MP: 7/9
  1291 | D:2      | Learned a level 3 spell: Dazzling Flash
  1801 | D:3      | Found a runed translucent door.
  1804 | D:3      | Noticed Deemzul's ghost (amateur OpCj)
  1810 | D:3      | Reached XP level 4. HP: 22/24 MP: 6/11
  1810 | D:3      | Killed Deemzul's ghost
  1811 | D:3      | Reached XP level 5. HP: 25/28 MP: 5/13
  1901 | D:3      | Found a runed translucent door.
  2020 | D:3      | Reached XP level 6. HP: 5/32 MP: 2/15
  2629 | D:3      | Reached skill level 5 in Spellcasting
  2821 | D:3      | Found a white marble altar of Elyvilon.
  2846 | D:3      | Found Xoshuu's Armour Shop.
  2854 | D:3      | Bought a +0 kite shield for 45 gold pieces
  3609 | D:4      | Noticed a water moccasin
  3615 | D:4      | Killed a water moccasin
  3616 | D:4      | Reached skill level 1 in Short Blades
  3673 | D:4      | Reached XP level 7. HP: 36/36 MP: 10/17
  3770 | D:4      | Reached skill level 1 in Shields
  3963 | D:4      | Found a shimmering altar of Xom.
  4162 | D:4      | Learned a level 4 spell: Fulminant Prism
  4354 | D:5      | Entered Level 5 of the Dungeon
  4529 | D:5      | Reached skill level 1 in Hexes
  4969 | D:5      | Reached XP level 8. HP: 23/42 MP: 7/20
  5622 | D:6      | Found Evot's Distillery.
  5650 | D:6      | Found Ynirruosch's Book Shop.
  5862 | D:6      | Reached skill level 1 in Fighting
  6520 | D:7      | Reached skill level 5 in Stealth
  6648 | D:7      | Found a staircase to the Ecumenical Temple.
  6657 | Temple   | Entered the Ecumenical Temple
  6727 | D:7      | Reached XP level 9. HP: 47/47 MP: 18/23
  6795 | D:7      | Learned a level 4 spell: Iskenderun's Mystic Blast
  6884 | D:7      | Noticed a two-headed ogre
  6892 | D:7      | Noticed Pikel
  7275 | D:7      | Found a stormy altar of Qazlal.
  7285 | D:7      | Found an ornate altar of the Wu Jian Council.
  7288 | D:7      | Found a hazy altar of Hepliaklqana.
  7289 | D:7      | Found a broken altar of Ashenzari.
  7291 | D:7      | Found a glowing silver altar of Zin.
  7292 | D:7      | Found a radiant altar of Vehumet.
  7294 | D:7      | Found a burning altar of Makhleb.
  7297 | D:7      | Found a sparkling altar of Nemelex Xobeh.
  7299 | D:7      | Found an ancient bone altar of Kikubaaqudgha.
  7300 | D:7      | Became a worshipper of Vehumet
  7392 | D:7      | Killed Pikel
  7393 | D:7      | Reached skill level 1 in Armour
  7455 | D:7      | Noticed Descartes's ghost (novice TrCK)
  7472 | D:7      | Found a runed translucent door.
  7936 | D:8      | Noticed Harold
  7964 | D:7      | Killed from afar by Harold

Illustrated notes

Levels and vault maps discovered:
D:1:      scummos_arrival_forest, layout_rooms
D:2:      layout_loops_cross, serial_shops, nicolae_square_shop,
          hellmonk_ecumenical_altar_dog_temple, serial_undead, serial_undead_c,
          serial_undead_d, serial_undead_f, serial_undead_d,
          minmay_misc_feat_hallway
D:3:      layout_loops_ring, nicolae_elyvilon_peaceful_grove, serial_shops,
          shop, ebering_ghost_sewer_f
D:4:      layout_basic, dk_xom_monty_hall, st_stairs_5
D:5:      layout_basic
D:6:      layout_cave_pools, serial_shops, shop, shop
D:7:      layout_basic, nicolae_overflow_hallway_of_the_gods,
          minmay_temple_entry_poolview, hellmonk_ghost_happy_afterlife,
          uniq_pikel
D:8:      layout_loops_ring, erik_lair_orcish_takeover, serial_shops,
          nicolae_stop_n_shop_1, uniq_harold
Temple:   corrupted_temple

Skill      XL: |  1  2  3  4  5  6  7  8  9 |
---------------+----------------------------+-----
Conjurations   | 5 6 7 8 9 |  9.1
Stealth        | 3 4 5 |  5.0
Spellcasting   | 4 5 6 8 9 |  9.4
Dodging        | 3 4 |  4.6
Short Blades   | 1 2 |  2.4
Shields        | 1 3 |  3.8
Hexes          | 1 4 |  4.3
Fighting       | 1 |  1.4
Armour         | 1 |  1.4
Translocations | |  0.3

Action                   |  1- 3 |  4- 6 |  7- 9 || total
-------------------------+-------+-------+-------++-------
Melee: Dagger            |     3 |    10 |    24 ||    37
 Cast: Magic Dart        |    61 |    73 |    66 ||   200
       Searing Ray       |     3 |    16 |    52 ||    71
       Fulminant Prism   |       |       |    10 ||    10
       Dazzling Flash    |       |       |     1 ||     1
       Iskenderun's Myst |       |       |     1 ||     1
  Use: Potion            |       |     1 |       ||     1
       Scroll            |       |       |    11 ||    11
Armor: Robe              |     3 |     2 |    15 ||    20
       Leather armour    |       |       |     3 ||     3
Dodge: Dodged            |     6 |    10 |    46 ||    62
